Capitals vs Stars

Created - December 6, 2015 at 11:02

Goals
1 2 3 T
Capitals 2 3 2 7
Stars 0 0 2 2
Shots
1 2 3 T
Capitals 13 11 6 30
Stars 9 9 11 29

1st period

1. Capitals , David Desharnais 5 (Mathew Dumba, Alexander Ovechkin) at 0:26
2. Capitals , David Desharnais 6 (Alexander Ovechkin, Mathew Dumba) at 3:32

Penalties :
Clayton Stoner (DAL) for Hooking (Minor) at 5:19, Jonathan Quick (DAL) for Slashing (Minor) at 11:41 - Tyler Seguin served the penalty., John Mitchell (DAL) for Roughing (Minor) at 17:05

2nd period

3. Capitals , Mathieu Perreault 5 (Taylor Hall, Mathew Dumba) at 4:43
4. Capitals , Alexander Semin 7 (Nate Guenin, Cody Eakin) at 11:16
5. Capitals , Alexander Ovechkin 15 (Jay Harrison, Morgan Rielly) at 16:09

Penalties :
Calvin de Haan (WSH) for Hooking (Minor) at 0:03, Tyler Seguin (DAL) for Charging (Minor) at 17:48, Tomas Fleischmann (WSH) for Tripping (Minor) at 19:50

3rd period

6. Stars , David Backes 16 (Zdeno Chara, Nikita Kucherov) at 0:38 (PP)
7. Capitals , Mathieu Perreault 6 (Taylor Hall, Morgan Rielly) at 2:48
8. Stars , Jonathan Huberdeau 10 (Mark Stuart, Evgeni Malkin) at 15:31
9. Capitals , Nate Guenin 1 (Taylor Hall, Jiri Tlusty) at 17:49 (PP)

Penalties :
Alexander Ovechkin (WSH) for Tripping (Minor) at 5:03, Bryce Salvador (WSH) for Delaying the game (Minor) at 7:04, John Mitchell (DAL) for Cross-checking (Minor) at 12:57, Kris Letang (DAL) for Boarding (Minor) at 16:52

Goalie Stats

Jimmy Howard (WSH), 27 saves from 29 shots - (0.931), W, 12-9-2, 60:00 minutes
Jonathan Quick (DAL), 18 saves from 23 shots - (0.783), L, 16-13-2, 36:09 minutes
Jussi Rynnas (DAL), 5 saves from 7 shots - (0.714), 23:51 minutes

Players Stats for Capitals

Player Name              G  A  P  +/- PIM S  H  SB GA TA FO     MP     PP MP  PK MP  
------------------------------------------------------------------------------------
Alexander Ovechkin       1  2  3   3  2   3  5  0  0  0  0/3    22:38   5:58   0:04 
Alexander Semin          1  0  1   0  0   2  0  0  0  0  0/0    18:50   5:31   0:00 
Bryce Salvador           0  0  0   3  2   2  5  0  0  0  0/0    23:20   5:46   1:48 
Calvin de Haan           0  0  0   1  2   1  3  0  0  0  0/0    20:30   5:34   2:33 
Cody Eakin               0  1  1   0  0   2  0  2  0  0  13/26  20:07   4:54   1:54 
Curtis Lazar             0  0  0   0  0   0  0  0  0  0  0/0     0:27   0:27   0:00 
David Desharnais         2  0  2   2  0   5  0  1  0  0  17/30  20:01   4:54   0:16 
Derek Dorsett            0  0  0   0  0   0  2  0  0  0  0/1    13:19   0:00   0:00 
Jay Harrison             0  1  1   0  0   0  0  0  0  0  0/0     5:07   0:00   2:02 
Jiri Tlusty              0  1  1   2  0   3  0  0  0  0  3/11   20:49   5:58   0:00 
Mathew Dumba             0  3  3   3  0   0  0  0  0  0  0/0    15:51   0:00   0:04 
Mathieu Perreault        2  0  2   2  0   5  0  0  0  0  12/21  17:14   0:00   4:47 
Matt Stajan              0  0  0   1  0   1  0  0  0  0  1/7     6:21   0:00   4:35 
Morgan Rielly            0  2  2   1  0   1  0  4  0  0  0/0    19:18   0:00   3:49 
Nate Guenin              1  1  2   1  0   2  0  0  0  0  0/0    19:39   5:18   3:14 
Ryan Murphy              0  0  0   1  0   0  0  0  0  0  0/0    11:07   0:00   0:00 
Taylor Hall              0  3  3   2  0   3  0  0  0  0  0/0    19:27   5:06   1:54 
Tomas Fleischmann        0  0  0   3  2   0  4  1  0  0  0/0    19:06   4:54   0:00 

Players Stats for Stars

Player Name              G  A  P  +/- PIM S  H  SB GA TA FO     MP     PP MP  PK MP  
------------------------------------------------------------------------------------
Brad Malone              0  0  0  -1  0   0  0  0  0  0  3/3     2:56   0:36   0:00 
Brandon Manning          0  0  0   0  0   0  0  0  0  0  0/0     0:00   0:00   0:00 
Clayton Stoner           0  0  0  -1  2   0  0  1  0  0  0/0    14:54   0:00   0:26 
David Backes             1  0  1  -1  0   4  1  0  0  0  17/30  22:41   2:42   5:32 
Evgeni Malkin            0  1  1  -3  0   1  1  0  0  0  0/0    20:03   3:27   0:00 
John Mitchell            0  0  0  -1  4   1  3  0  0  0  1/2    11:54   0:36   0:00 
Jonathan Huberdeau       1  0  1  -2  0   1  2  0  0  0  0/3    17:43   3:27   0:00 
Kris Letang              0  0  0  -4  2   0  3  2  0  0  0/0    26:29   2:57   4:50 
Mark Stuart              0  1  1   0  0   0  2  0  0  0  0/0    12:59   3:48   0:00 
Nikita Kucherov          0  1  1  -1  0   3  0  1  0  0  1/1    22:29   2:42   5:20 
Patrik Elias             0  0  0  -1  0   0  0  0  0  0  19/30  17:16   0:36   5:20 
Paul Byron               0  0  0  -1  0   1  1  0  0  0  0/0    11:20   0:00   0:00 
Rob Scuderi              0  0  0   0  0   0  0  0  0  0  0/0     0:00   0:00   0:00 
Ryan Callahan            0  0  0  -1  0   4  1  0  0  0  0/1    22:41   2:42   5:32 
Shea Weber               0  0  0  -4  0   4  3  0  0  0  0/0    26:56   2:57   5:16 
Tyler Seguin             0  0  0  -3  2   8  2  0  0  0  12/29  20:02   3:27   0:00 
Vyacheslav Voynov        0  0  0   0  0   0  1  1  0  0  0/0    14:47   0:00   5:36 
Zdeno Chara              0  1  1  -1  0   2  2  4  0  0  0/0    23:53   3:48   5:36 

3 Stars

1 - Alexander Ovechkin (WSH)
2 - David Desharnais (WSH)
3 - Mathieu Perreault (WSH)

Power Play

Capitals - 1 on 6 Attempt(s) - 16.67%
Stars - 1 on 4 Attempt(s) - 25.00%

Penalty Kill

Capitals - 3 on 4 Attempt(s) - 75.00% - Score 0 goal in Penalty Kill
Stars - 5 on 6 Attempt(s) - 83.33% - Score 0 goal in Penalty Kill

Team Stat

Capitals - Hits : 19 - Faceoff Wins : 46 - Blocked Shots : 8 - Penalty Minutes : 8
Stars - Hits : 22 - Faceoff Wins : 53 - Blocked Shots : 9 - Penalty Minutes : 10

Official

Referees : Kendrick Nicholson and Rob Martell
Linesman : Darren Gibbs and Vaughan Rody

Game Notes

Jussi Rynnas enters game at 16:09 of 2nd period

Finance

Level 1 -- Attendance: 5882 (98.03%) -- Ticket Income $599,964
Level 2 -- Attendance: 5000 (100.00%) -- Ticket Income $375,000
Level 3 -- Attendance: 2000 (100.00%) -- Ticket Income $110,000
Level 4 -- Attendance: 2556 (56.40%) -- Ticket Income $115,020
Luxury Box -- Attendance: 893 (89.30%) -- Ticket Income $178,600
Game was played at the American Airlines Center.
Total Attendance: 16331 (88.12%)
Total Ticket Income: $1,378,584
Other Income: $206,788
Total Income: $1,585,372

% Time on Ice - Capitals

Lines # - Real PCT - Wanted PCT - Time Play
Normal Forward
1 - 35% - 36% - 14:51
2 - 29% - 33% - 12:27
3 - 31% - 16% - 13:19
4 - 4% - 15% - 1:46
Normal Defense
1 - 37% - 35% - 15:47
2 - 29% - 30% - 12:24
3 - 26% - 25% - 11:07
4 - 7% - 10% - 3:05
PP Forward
1 - 55% - 60% - 5:58
2 - 45% - 40% - 4:54
PP Defense
1 - 49% - 60% - 5:18
2 - 51% - 40% - 5:34
PK Forward
1 - 72% - 60% - 4:51
2 - 28% - 40% - 1:54
PK Defense
1 - 58% - 60% - 3:53
2 - 42% - 40% - 2:52
PK3 Forward
1 - 0% - 60%
2 - 0% - 40%
PK3 Defense
1 - 0% - 60%
2 - 0% - 40%
44 Forward
1 - 0% - 60%
2 - 0% - 40%
44 Defense
1 - 0% - 60%
2 - 0% - 40%
Last Minute Offensive  - 0:00
Last Minute Defensive  - 0:00
Total
Forward - 60:00
Defense - 60:00

% Time on Ice - Stars

Lines # - Real PCT - Wanted PCT - Time Play
Normal Forward
1 - 34% - 33% - 14:16
2 - 34% - 33% - 14:27
3 - 27% - 27% - 11:20
4 - 6% - 7% - 2:20
Normal Defense
1 - 43% - 40% - 18:07
2 - 34% - 35% - 14:29
3 - 22% - 15% - 9:11
4 - 1% - 10% - 0:36
PP Forward
1 - 51% - 50% - 3:27
2 - 49% - 50% - 3:18
PP Defense
1 - 44% - 50% - 2:57
2 - 56% - 50% - 3:48
PK Forward
1 - 51% - 50% - 5:32
2 - 49% - 50% - 5:20
PK Defense
1 - 48% - 50% - 5:16
2 - 52% - 50% - 5:36
PK3 Forward
1 - 0% - 50%
2 - 0% - 50%
PK3 Defense
1 - 0% - 50%
2 - 0% - 50%
44 Forward
1 - 0% - 50%
2 - 0% - 50%
44 Defense
1 - 0% - 50%
2 - 0% - 50%
Last Minute Offensive  - 0:00
Last Minute Defensive  - 0:00
Total
Forward - 60:00
Defense - 60:00

Play by Play

1st period


0:01 of 1st period - David Desharnais wins face-off versus Tyler Seguin in neutral zone.
0:14 of 1st period - Shot by Jonathan Huberdeau.
0:14 of 1st period - Shot Misses the Net.
0:26 of 1st period - Shot by David Desharnais.
0:26 of 1st period - Goal by David Desharnais - Capitals : 1 - Stars : 0.
0:27 of 1st period - Mathieu Perreault wins face-off versus Ryan Callahan in neutral zone.
0:44 of 1st period - David Backes is hit by Calvin de Haan and loses puck.
0:53 of 1st period - Shot by Nikita Kucherov.
0:53 of 1st period - Shot Misses the Net.
2:02 of 1st period - Icing by Ryan Murphy.
2:03 of 1st period - Cody Eakin wins face-off versus Tyler Seguin in Capitals zone.
2:03 of 1st period - Cody Eakin is hit by Tyler Seguin.
2:40 of 1st period - Icing by Alexander Semin.
2:41 of 1st period - Cody Eakin wins face-off versus David Backes in Capitals zone.
2:54 of 1st period - Nate Guenin is hit by Zdeno Chara.
3:10 of 1st period - Shot by Ryan Callahan.
3:10 of 1st period - Shot Blocked by Cody Eakin.
3:12 of 1st period - Shot by Zdeno Chara.
3:12 of 1st period - Stopped by Jimmy Howard without a rebound.
3:13 of 1st period - John Mitchell wins face-off versus Alexander Ovechkin in Capitals zone.
3:32 of 1st period - Shot by David Desharnais.
3:32 of 1st period - Goal by David Desharnais - Capitals : 2 - Stars : 0.
3:33 of 1st period - Mathieu Perreault wins face-off versus Tyler Seguin in neutral zone.
5:02 of 1st period - Shot by David Desharnais.
5:02 of 1st period - Stopped by Jonathan Quick without a rebound.
5:03 of 1st period - Patrik Elias wins face-off versus Cody Eakin in Stars zone.
5:19 of 1st period - Minor Penalty to Clayton Stoner for Hooking.
5:20 of 1st period - Patrik Elias wins face-off versus Jiri Tlusty in Stars zone.
5:31 of 1st period - Zdeno Chara is hit by Alexander Ovechkin and loses puck.
6:15 of 1st period - Shot by Tomas Fleischmann.
6:15 of 1st period - Shot Misses the Net.
6:31 of 1st period - Kris Letang is hit by Tomas Fleischmann and loses puck.
6:46 of 1st period - Vyacheslav Voynov is hit by Tomas Fleischmann and loses puck.
7:03 of 1st period - Shot by Alexander Semin.
7:03 of 1st period - Deflect By Jiri Tlusty.
7:03 of 1st period - Shot Misses the Net.
7:05 of 1st period - Shot by Calvin de Haan.
7:05 of 1st period - Shot Misses the Net.
7:43 of 1st period - Shot by Tyler Seguin.
7:43 of 1st period - Stopped by Jimmy Howard without a rebound.
7:44 of 1st period - Brad Malone wins face-off versus Cody Eakin in Capitals zone.
8:44 of 1st period - Off-side.
8:45 of 1st period - David Backes wins face-off versus David Desharnais in neutral zone.
8:45 of 1st period - David Backes is hit by Alexander Ovechkin.
8:51 of 1st period - Shot by Shea Weber.
8:51 of 1st period - Stopped by Jimmy Howard without a rebound.
8:52 of 1st period - Mathieu Perreault wins face-off versus David Backes in Capitals zone.
8:52 of 1st period - Mathieu Perreault is hit by Ryan Callahan.
8:55 of 1st period - Icing by Taylor Hall.
8:56 of 1st period - Tyler Seguin wins face-off versus Mathieu Perreault in Capitals zone.
9:06 of 1st period - Taylor Hall is hit by Evgeni Malkin and loses puck.
9:16 of 1st period - Taylor Hall is hit by Shea Weber and loses puck.
9:38 of 1st period - Shot by Tyler Seguin.
9:38 of 1st period - Stopped by Jimmy Howard without a rebound.
9:39 of 1st period - David Desharnais wins face-off versus David Backes in Capitals zone.
10:18 of 1st period - Shot by Ryan Callahan.
10:18 of 1st period - Stopped by Jimmy Howard without a rebound.
10:19 of 1st period - Patrik Elias wins face-off versus Cody Eakin in Capitals zone.
10:32 of 1st period - John Mitchell is hit by Derek Dorsett and loses puck.
11:41 of 1st period - Shot by Matt Stajan.
11:41 of 1st period - Stopped by Jonathan Quick without a rebound.
11:41 of 1st period - Minor Penalty to Jonathan Quick for Slashing.
11:42 of 1st period - Jiri Tlusty wins face-off versus David Backes in Stars zone.
11:50 of 1st period - Icing by Bryce Salvador.
11:51 of 1st period - Jiri Tlusty wins face-off versus David Backes in Capitals zone.
12:02 of 1st period - Shot by Curtis Lazar.
12:02 of 1st period - Shot Misses the Net.
12:04 of 1st period - Shot by Jiri Tlusty.
12:04 of 1st period - Shot Misses the Net.
12:06 of 1st period - Shot by Calvin de Haan.
12:06 of 1st period - Shot Misses the Net.
12:08 of 1st period - Shot by Bryce Salvador.
12:08 of 1st period - Stopped by Jonathan Quick without a rebound.
12:09 of 1st period - Cody Eakin wins face-off versus Patrik Elias in Stars zone.
13:02 of 1st period - Shot by Alexander Ovechkin.
13:02 of 1st period - Stopped by Jonathan Quick without a rebound.
13:03 of 1st period - Patrik Elias wins face-off versus Jiri Tlusty in Stars zone.
13:09 of 1st period - Icing by Calvin de Haan.
13:10 of 1st period - Patrik Elias wins face-off versus Jiri Tlusty in Capitals zone.
13:48 of 1st period - Icing by Clayton Stoner.
13:49 of 1st period - Mathieu Perreault wins face-off versus Tyler Seguin in Stars zone.
14:04 of 1st period - Shot by Tyler Seguin.
14:04 of 1st period - Stopped by Jimmy Howard without a rebound.
14:05 of 1st period - David Desharnais wins face-off versus David Backes in Capitals zone.
14:14 of 1st period - Shot by David Backes.
14:14 of 1st period - Shot Misses the Net.
14:16 of 1st period - Shot by Ryan Callahan.
14:16 of 1st period - Stopped by Jimmy Howard without a rebound.
14:17 of 1st period - Tyler Seguin wins face-off versus Mathieu Perreault in Capitals zone.
14:28 of 1st period - Shot by Tyler Seguin.
14:28 of 1st period - Stopped by Jimmy Howard without a rebound.
14:29 of 1st period - David Desharnais wins face-off versus David Backes in Capitals zone.
14:34 of 1st period - Shot by Alexander Ovechkin.
14:34 of 1st period - Shot Blocked by Kris Letang.
16:00 of 1st period - Shot by Tyler Seguin.
16:00 of 1st period - Stopped by Jimmy Howard without a rebound.
16:01 of 1st period - Patrik Elias wins face-off versus Cody Eakin in Capitals zone.
16:23 of 1st period - Ryan Murphy is hit by Mark Stuart and loses puck.
16:28 of 1st period - Shot by Cody Eakin.
16:28 of 1st period - Stopped by Jonathan Quick without a rebound.
16:29 of 1st period - David Desharnais wins face-off versus Tyler Seguin in Stars zone.
16:42 of 1st period - Shot by Jiri Tlusty.
16:42 of 1st period - Stopped by Jonathan Quick without a rebound.
16:43 of 1st period - Patrik Elias wins face-off versus Mathieu Perreault in Stars zone.
16:43 of 1st period - Patrik Elias is hit by Tomas Fleischmann.
16:48 of 1st period - Shea Weber is hit by Calvin de Haan and loses puck.
17:03 of 1st period - Tomas Fleischmann is hit by John Mitchell and loses puck.
17:05 of 1st period - Minor Penalty to John Mitchell for Roughing.
17:06 of 1st period - Jiri Tlusty wins face-off versus David Backes in Stars zone.
17:13 of 1st period - Shot by Nate Guenin.
17:13 of 1st period - Shot Misses the Net.
17:15 of 1st period - Shot by Taylor Hall.
17:15 of 1st period - Stopped by Jonathan Quick without a rebound.
17:16 of 1st period - Patrik Elias wins face-off versus Jiri Tlusty in Stars zone.
17:24 of 1st period - Calvin de Haan is hit by Vyacheslav Voynov and loses puck.
17:53 of 1st period - Shot by Jiri Tlusty.
17:53 of 1st period - Stopped by Jonathan Quick without a rebound.
17:54 of 1st period - David Backes wins face-off versus David Desharnais in Stars zone.
18:00 of 1st period - Icing by Cody Eakin.
18:01 of 1st period - David Desharnais wins face-off versus Patrik Elias in Capitals zone.
18:18 of 1st period - Shot by Cody Eakin.
18:18 of 1st period - Shot Misses the Net.
18:20 of 1st period - Shot by Cody Eakin.
18:20 of 1st period - Stopped by Jonathan Quick with a rebound.
18:26 of 1st period - Shot by Cody Eakin.
18:26 of 1st period - Shot Misses the Net.
18:28 of 1st period - Shot by Tomas Fleischmann.
18:28 of 1st period - Deflect By Cody Eakin.
18:28 of 1st period - Shot Misses the Net.
18:30 of 1st period - Shot by Cody Eakin.
18:30 of 1st period - Deflect By David Desharnais.
18:30 of 1st period - Stopped by Jonathan Quick with a rebound.
19:21 of 1st period - Shot by Morgan Rielly.
19:21 of 1st period - Stopped by Jonathan Quick without a rebound.
19:22 of 1st period - Brad Malone wins face-off versus Cody Eakin in Stars zone.
Goals for this period are 2 for Capitals vs 0 for Stars.
Shots for this period are 13 for Capitals vs 9 for Stars.

2nd period


0:01 of 2nd period - David Backes wins face-off versus David Desharnais in neutral zone.
0:03 of 2nd period - Minor Penalty to Calvin de Haan for Hooking.
0:04 of 2nd period - Tyler Seguin wins face-off versus Matt Stajan in Capitals zone.
0:05 of 2nd period - Shot by Shea Weber.
0:05 of 2nd period - Stopped by Jimmy Howard with a rebound.
2:10 of 2nd period - Shot by John Mitchell.
2:10 of 2nd period - Stopped by Jimmy Howard without a rebound.
2:11 of 2nd period - David Desharnais wins face-off versus John Mitchell in Capitals zone.
2:18 of 2nd period - Shot by Alexander Ovechkin.
2:18 of 2nd period - Deflect By David Desharnais.
2:18 of 2nd period - Shot Misses the Net.
2:28 of 2nd period - Shot by Jiri Tlusty.
2:28 of 2nd period - Stopped by Jonathan Quick without a rebound.
2:29 of 2nd period - Patrik Elias wins face-off versus Cody Eakin in Stars zone.
2:58 of 2nd period - Ryan Murphy is hit by Paul Byron and loses puck.
3:10 of 2nd period - Icing by Nate Guenin.
3:11 of 2nd period - Cody Eakin wins face-off versus Tyler Seguin in Capitals zone.
3:13 of 2nd period - Icing by Ryan Murphy.
3:14 of 2nd period - David Backes wins face-off versus Cody Eakin in Capitals zone.
3:38 of 2nd period - Nikita Kucherov is hit by Alexander Ovechkin and loses puck.
3:45 of 2nd period - Shot by David Desharnais.
3:45 of 2nd period - Shot Misses the Net.
3:47 of 2nd period - Shot by Morgan Rielly.
3:47 of 2nd period - Shot Misses the Net.
3:49 of 2nd period - Shot by Jiri Tlusty.
3:49 of 2nd period - Shot Blocked by Zdeno Chara.
3:51 of 2nd period - Shot by Calvin de Haan.
3:51 of 2nd period - Shot Blocked by Clayton Stoner.
3:53 of 2nd period - Shot by Jiri Tlusty.
3:53 of 2nd period - Shot Misses the Net.
3:55 of 2nd period - Shot by Calvin de Haan.
3:55 of 2nd period - Shot Misses the Net.
4:43 of 2nd period - Shot by Mathieu Perreault.
4:43 of 2nd period - Goal by Mathieu Perreault - Capitals : 3 - Stars : 0.
4:44 of 2nd period - Patrik Elias wins face-off versus Derek Dorsett in neutral zone.
5:01 of 2nd period - Shot by Cody Eakin.
5:01 of 2nd period - Deflect By Alexander Semin.
5:01 of 2nd period - Stopped by Jonathan Quick without a rebound.
5:02 of 2nd period - Mathieu Perreault wins face-off versus Tyler Seguin in Stars zone.
5:09 of 2nd period - Shot by Mathieu Perreault.
5:09 of 2nd period - Stopped by Jonathan Quick without a rebound.
5:10 of 2nd period - David Desharnais wins face-off versus Tyler Seguin in Stars zone.
5:23 of 2nd period - Shot by Alexander Ovechkin.
5:23 of 2nd period - Stopped by Jonathan Quick without a rebound.
5:24 of 2nd period - Mathieu Perreault wins face-off versus Patrik Elias in Stars zone.
5:45 of 2nd period - Shot by Mathieu Perreault.
5:45 of 2nd period - Deflect By Taylor Hall.
5:45 of 2nd period - Shot Misses the Net.
6:03 of 2nd period - Shot by Paul Byron.
6:03 of 2nd period - Shot Misses the Net.
6:21 of 2nd period - Mathieu Perreault is hit by Kris Letang and loses puck.
6:26 of 2nd period - Shot by Tyler Seguin.
6:26 of 2nd period - Stopped by Jimmy Howard without a rebound.
6:27 of 2nd period - David Backes wins face-off versus David Desharnais in Capitals zone.
6:30 of 2nd period - Shot by Nikita Kucherov.
6:30 of 2nd period - Stopped by Jimmy Howard with a rebound.
6:32 of 2nd period - Shot by Zdeno Chara.
6:32 of 2nd period - Shot Misses the Net.
6:38 of 2nd period - Shot by David Backes.
6:38 of 2nd period - Stopped by Jimmy Howard without a rebound.
6:39 of 2nd period - Cody Eakin wins face-off versus Jonathan Huberdeau in Capitals zone.
6:55 of 2nd period - Cody Eakin is hit by Shea Weber and loses puck.
7:11 of 2nd period - Shot by Alexander Semin.
7:11 of 2nd period - Deflect By Derek Dorsett.
7:11 of 2nd period - Shot Blocked by Kris Letang.
7:13 of 2nd period - Shot by Alexander Semin.
7:13 of 2nd period - Shot Misses the Net.
7:19 of 2nd period - Shot by Cody Eakin.
7:19 of 2nd period - Shot Misses the Net.
7:31 of 2nd period - Shea Weber is hit by Alexander Ovechkin and loses puck.
7:52 of 2nd period - Shot by Calvin de Haan.
7:52 of 2nd period - Stopped by Jonathan Quick with a rebound.
8:38 of 2nd period - Shot by Mathieu Perreault.
8:38 of 2nd period - Stopped by Jonathan Quick without a rebound.
8:39 of 2nd period - Cody Eakin wins face-off versus David Backes in Stars zone.
8:56 of 2nd period - Shot by Cody Eakin.
8:56 of 2nd period - Shot Blocked by Zdeno Chara.
9:52 of 2nd period - Shot by Paul Byron.
9:52 of 2nd period - Shot Misses the Net.
9:55 of 2nd period - Icing by Bryce Salvador.
9:56 of 2nd period - Patrik Elias wins face-off versus David Desharnais in Capitals zone.
9:58 of 2nd period - Paul Byron is hit by Bryce Salvador and loses puck.
10:02 of 2nd period - Icing by Bryce Salvador.
10:03 of 2nd period - Patrik Elias wins face-off versus Alexander Ovechkin in Capitals zone.
10:03 of 2nd period - Patrik Elias is hit by Bryce Salvador.
10:18 of 2nd period - David Desharnais is hit by John Mitchell and loses puck.
10:39 of 2nd period - Shot by David Desharnais.
10:39 of 2nd period - Stopped by Jonathan Quick without a rebound.
10:40 of 2nd period - David Backes wins face-off versus Mathieu Perreault in Stars zone.
10:45 of 2nd period - Shot by Nikita Kucherov.
10:45 of 2nd period - Shot Misses the Net.
10:47 of 2nd period - Shot by Zdeno Chara.
10:47 of 2nd period - Shot Misses the Net.
10:58 of 2nd period - Shot by David Backes.
10:58 of 2nd period - Stopped by Jimmy Howard without a rebound.
10:59 of 2nd period - Brad Malone wins face-off versus Cody Eakin in Capitals zone.
11:14 of 2nd period - Shot by Nate Guenin.
11:14 of 2nd period - Shot Misses the Net.
11:16 of 2nd period - Shot by Alexander Semin.
11:16 of 2nd period - Goal by Alexander Semin - Capitals : 4 - Stars : 0.
11:17 of 2nd period - David Backes wins face-off versus David Desharnais in neutral zone.
11:33 of 2nd period - Icing by David Desharnais.
11:34 of 2nd period - Tyler Seguin wins face-off versus David Desharnais in Capitals zone.
11:34 of 2nd period - Evgeni Malkin is hit by Calvin de Haan and loses puck.
11:43 of 2nd period - Shot by Evgeni Malkin.
11:43 of 2nd period - Shot Misses the Net.
11:51 of 2nd period - Icing by Evgeni Malkin.
11:52 of 2nd period - Tyler Seguin wins face-off versus Mathieu Perreault in Stars zone.
12:04 of 2nd period - Icing by Mathieu Perreault.
12:05 of 2nd period - David Backes wins face-off versus Mathieu Perreault in Capitals zone.
12:24 of 2nd period - Shot by Nikita Kucherov.
12:24 of 2nd period - Shot Misses the Net.
12:55 of 2nd period - Off-side.
12:56 of 2nd period - Tyler Seguin wins face-off versus David Desharnais in neutral zone.
12:59 of 2nd period - Shot by Evgeni Malkin.
12:59 of 2nd period - Deflect By Tyler Seguin.
12:59 of 2nd period - Shot Misses the Net.
13:11 of 2nd period - Shot by Tyler Seguin.
13:11 of 2nd period - Shot Misses the Net.
14:07 of 2nd period - Icing by Paul Byron.
14:08 of 2nd period - Mathieu Perreault wins face-off versus Patrik Elias in Stars zone.
14:44 of 2nd period - Shot by Mathieu Perreault.
14:44 of 2nd period - Shot Misses the Net.
14:46 of 2nd period - Shot by Mathieu Perreault.
14:46 of 2nd period - Shot Misses the Net.
15:20 of 2nd period - Shot by Cody Eakin.
15:20 of 2nd period - Deflect By Alexander Semin.
15:20 of 2nd period - Shot Misses the Net.
16:01 of 2nd period - Shot by Tomas Fleischmann.
16:01 of 2nd period - Shot Misses the Net.
16:09 of 2nd period - Shot by Alexander Ovechkin.
16:09 of 2nd period - Goal by Alexander Ovechkin - Capitals : 5 - Stars : 0.
16:09 of 2nd period - Jussi Rynnas enters game.
16:10 of 2nd period - David Desharnais wins face-off versus Tyler Seguin in neutral zone.
16:18 of 2nd period - Icing by Bryce Salvador.
16:19 of 2nd period - Tyler Seguin wins face-off versus Alexander Ovechkin in Capitals zone.
16:38 of 2nd period - Shot by Tyler Seguin.
16:38 of 2nd period - Stopped by Jimmy Howard without a rebound.
16:39 of 2nd period - Patrik Elias wins face-off versus Cody Eakin in Capitals zone.
16:44 of 2nd period - Shot by Paul Byron.
16:44 of 2nd period - Stopped by Jimmy Howard without a rebound.
16:45 of 2nd period - Mathieu Perreault wins face-off versus Tyler Seguin in Capitals zone.
17:00 of 2nd period - Shot by Taylor Hall.
17:00 of 2nd period - Stopped by Jussi Rynnas without a rebound.
17:01 of 2nd period - David Desharnais wins face-off versus David Backes in Stars zone.
17:01 of 2nd period - David Desharnais is hit by Zdeno Chara.
17:40 of 2nd period - Nikita Kucherov is hit by Bryce Salvador.
17:42 of 2nd period - Shot by David Backes.
17:42 of 2nd period - Stopped by Jimmy Howard without a rebound.
17:43 of 2nd period - Mathieu Perreault wins face-off versus Tyler Seguin in Capitals zone.
17:43 of 2nd period - Mathieu Perreault is hit by Jonathan Huberdeau.
17:48 of 2nd period - Minor Penalty to Tyler Seguin for Charging.
17:49 of 2nd period - David Desharnais wins face-off versus Patrik Elias in Stars zone.
18:01 of 2nd period - Icing by Nate Guenin.
18:02 of 2nd period - David Desharnais wins face-off versus David Backes in Capitals zone.
18:12 of 2nd period - Icing by Taylor Hall.
18:13 of 2nd period - David Backes wins face-off versus Cody Eakin in Capitals zone.
18:52 of 2nd period - Nate Guenin is hit by Kris Letang.
19:13 of 2nd period - Icing by Bryce Salvador.
19:14 of 2nd period - David Backes wins face-off versus Jiri Tlusty in Capitals zone.
19:40 of 2nd period - Shot by Jiri Tlusty.
19:40 of 2nd period - Shot Blocked by Zdeno Chara.
19:42 of 2nd period - Shot by Alexander Ovechkin.
19:42 of 2nd period - Shot Misses the Net.
19:50 of 2nd period - Minor Penalty to Tomas Fleischmann for Tripping.
19:51 of 2nd period - Tyler Seguin wins face-off versus Matt Stajan in Capitals zone.
Goals for this period are 3 for Capitals vs 0 for Stars.
Shots for this period are 11 for Capitals vs 9 for Stars.

3rd period


0:01 of 3rd period - David Backes wins face-off versus Matt Stajan in neutral zone.
0:08 of 3rd period - Shot by Nikita Kucherov.
0:08 of 3rd period - Stopped by Jimmy Howard without a rebound.
0:09 of 3rd period - David Backes wins face-off versus Matt Stajan in Capitals zone.
0:14 of 3rd period - Shot by Ryan Callahan.
0:14 of 3rd period - Shot Hit the Post.
0:16 of 3rd period - Shot by Zdeno Chara.
0:16 of 3rd period - Shot Blocked by Morgan Rielly.
0:18 of 3rd period - Shot by Ryan Callahan.
0:18 of 3rd period - Shot Blocked by Morgan Rielly.
0:20 of 3rd period - Shot by Zdeno Chara.
0:20 of 3rd period - Shot Misses the Net.
0:34 of 3rd period - Shot by Nikita Kucherov.
0:34 of 3rd period - Shot Misses the Net.
0:36 of 3rd period - Shot by Zdeno Chara.
0:36 of 3rd period - Shot Misses the Net.
0:38 of 3rd period - Shot by David Backes.
0:38 of 3rd period - Goal by David Backes - Capitals : 5 - Stars : 1.
0:39 of 3rd period - Tyler Seguin wins face-off versus David Desharnais in neutral zone.
1:22 of 3rd period - Icing by Mathew Dumba.
1:23 of 3rd period - David Desharnais wins face-off versus David Backes in Capitals zone.
2:02 of 3rd period - Shot by Nikita Kucherov.
2:02 of 3rd period - Shot Blocked by Tomas Fleischmann.
2:06 of 3rd period - Shot by Ryan Callahan.
2:06 of 3rd period - Stopped by Jimmy Howard without a rebound.
2:07 of 3rd period - Cody Eakin wins face-off versus Patrik Elias in Capitals zone.
2:07 of 3rd period - Cody Eakin is hit by John Mitchell.
2:32 of 3rd period - Off-side.
2:33 of 3rd period - Mathieu Perreault wins face-off versus Tyler Seguin in neutral zone.
2:48 of 3rd period - Shot by Taylor Hall.
2:48 of 3rd period - Deflect By Mathieu Perreault.
2:48 of 3rd period - Goal by Mathieu Perreault - Capitals : 6 - Stars : 1.
2:49 of 3rd period - David Desharnais wins face-off versus David Backes in neutral zone.
2:49 of 3rd period - Mathew Dumba is hit by David Backes and loses puck.
3:12 of 3rd period - Shot by Ryan Callahan.
3:12 of 3rd period - Shot Blocked by David Desharnais.
3:37 of 3rd period - Icing by Kris Letang.
3:38 of 3rd period - David Backes wins face-off versus Mathieu Perreault in Stars zone.
4:00 of 3rd period - Icing by Kris Letang.
4:01 of 3rd period - David Backes wins face-off versus Cody Eakin in Stars zone.
5:03 of 3rd period - Minor Penalty to Alexander Ovechkin for Tripping.
5:04 of 3rd period - Tyler Seguin wins face-off versus Matt Stajan in Capitals zone.
6:40 of 3rd period - Shot by Nikita Kucherov.
6:40 of 3rd period - Shot Misses the Net.
6:44 of 3rd period - Shot by Nikita Kucherov.
6:44 of 3rd period - Stopped by Jimmy Howard without a rebound.
6:45 of 3rd period - Cody Eakin wins face-off versus Jonathan Huberdeau in Capitals zone.
6:51 of 3rd period - Icing by Kris Letang.
6:52 of 3rd period - Tyler Seguin wins face-off versus Cody Eakin in Stars zone.
7:04 of 3rd period - Minor Penalty to Bryce Salvador for Delaying the game.
7:05 of 3rd period - Mathieu Perreault wins face-off versus Jonathan Huberdeau in Capitals zone.
7:24 of 3rd period - Shot by Evgeni Malkin.
7:24 of 3rd period - Stopped by Jimmy Howard without a rebound.
7:25 of 3rd period - Nikita Kucherov wins face-off versus Matt Stajan in Capitals zone.
8:41 of 3rd period - Icing by Jonathan Huberdeau.
8:42 of 3rd period - Cody Eakin wins face-off versus Tyler Seguin in Stars zone.
8:43 of 3rd period - Shot by Morgan Rielly.
8:43 of 3rd period - Shot Misses the Net.
9:56 of 3rd period - Icing by Kris Letang.
9:57 of 3rd period - Cody Eakin wins face-off versus Patrik Elias in Stars zone.
10:09 of 3rd period - Off-side.
10:10 of 3rd period - Cody Eakin wins face-off versus Tyler Seguin in neutral zone.
10:29 of 3rd period - Shot by Tyler Seguin.
10:29 of 3rd period - Shot Blocked by Morgan Rielly.
10:31 of 3rd period - Shot by Zdeno Chara.
10:31 of 3rd period - Stopped by Jimmy Howard without a rebound.
10:32 of 3rd period - David Backes wins face-off versus David Desharnais in Capitals zone.
10:46 of 3rd period - Alexander Ovechkin is hit by Mark Stuart and loses puck.
10:50 of 3rd period - Icing by Vyacheslav Voynov.
10:51 of 3rd period - David Backes wins face-off versus Mathieu Perreault in Stars zone.
10:55 of 3rd period - Vyacheslav Voynov is hit by Tomas Fleischmann and loses puck.
11:07 of 3rd period - Shot by Ryan Callahan.
11:07 of 3rd period - Stopped by Jimmy Howard without a rebound.
11:08 of 3rd period - David Desharnais wins face-off versus Tyler Seguin in Capitals zone.
11:56 of 3rd period - Icing by Tyler Seguin.
11:57 of 3rd period - Tyler Seguin wins face-off versus Mathieu Perreault in Stars zone.
12:43 of 3rd period - Shot by Nikita Kucherov.
12:43 of 3rd period - Shot Misses the Net.
12:45 of 3rd period - Shot by Shea Weber.
12:45 of 3rd period - Stopped by Jimmy Howard with a rebound.
12:47 of 3rd period - Shot by Nikita Kucherov.
12:47 of 3rd period - Shot Misses the Net.
12:49 of 3rd period - Shot by Shea Weber.
12:49 of 3rd period - Stopped by Jimmy Howard without a rebound.
12:50 of 3rd period - Patrik Elias wins face-off versus David Desharnais in Capitals zone.
12:57 of 3rd period - Minor Penalty to John Mitchell for Cross-checking.
12:58 of 3rd period - Patrik Elias wins face-off versus Jiri Tlusty in Stars zone.
12:58 of 3rd period - Patrik Elias is hit by Alexander Ovechkin.
13:26 of 3rd period - Shot by Nate Guenin.
13:26 of 3rd period - Deflect By Alexander Ovechkin.
13:26 of 3rd period - Shot Blocked by Zdeno Chara.
13:28 of 3rd period - Shot by Alexander Semin.
13:28 of 3rd period - Shot Blocked by Vyacheslav Voynov.
14:34 of 3rd period - Shot by Nate Guenin.
14:34 of 3rd period - Stopped by Jussi Rynnas without a rebound.
14:35 of 3rd period - Patrik Elias wins face-off versus Jiri Tlusty in Stars zone.
14:48 of 3rd period - Shot by Taylor Hall.
14:48 of 3rd period - Stopped by Jussi Rynnas without a rebound.
14:49 of 3rd period - David Desharnais wins face-off versus Patrik Elias in Stars zone.
15:17 of 3rd period - Shot by Tyler Seguin.
15:17 of 3rd period - Shot Blocked by Cody Eakin.
15:27 of 3rd period - Shot by Tyler Seguin.
15:27 of 3rd period - Deflect By Evgeni Malkin.
15:27 of 3rd period - Shot Blocked by Morgan Rielly.
15:29 of 3rd period - Shot by Mark Stuart.
15:29 of 3rd period - Shot Hit the Post.
15:31 of 3rd period - Shot by Jonathan Huberdeau.
15:31 of 3rd period - Goal by Jonathan Huberdeau - Capitals : 6 - Stars : 2.
15:32 of 3rd period - David Backes wins face-off versus David Desharnais in neutral zone.
16:15 of 3rd period - Icing by David Desharnais.
16:16 of 3rd period - David Desharnais wins face-off versus Tyler Seguin in Capitals zone.
16:16 of 3rd period - Alexander Ovechkin is hit by Tyler Seguin and loses puck.
16:44 of 3rd period - Mathieu Perreault is hit by Shea Weber and loses puck.
16:52 of 3rd period - Minor Penalty to Kris Letang for Boarding.
16:53 of 3rd period - Patrik Elias wins face-off versus David Desharnais in Stars zone.
17:21 of 3rd period - Shot by Tomas Fleischmann.
17:21 of 3rd period - Shot Misses the Net.
17:23 of 3rd period - Shot by Bryce Salvador.
17:23 of 3rd period - Stopped by Jussi Rynnas without a rebound.
17:24 of 3rd period - Patrik Elias wins face-off versus Jiri Tlusty in Stars zone.
17:47 of 3rd period - Shot by Taylor Hall.
17:47 of 3rd period - Shot Blocked by Nikita Kucherov.
17:49 of 3rd period - Shot by Nate Guenin.
17:49 of 3rd period - Goal by Nate Guenin - Capitals : 7 - Stars : 2.
17:50 of 3rd period - Cody Eakin wins face-off versus Tyler Seguin in neutral zone.
17:55 of 3rd period - Mathew Dumba is hit by Jonathan Huberdeau and loses puck.
18:16 of 3rd period - Shot by Tyler Seguin.
18:16 of 3rd period - Stopped by Jimmy Howard without a rebound.
18:17 of 3rd period - Mathieu Perreault wins face-off versus Patrik Elias in Capitals zone.
18:22 of 3rd period - Shot by Mathieu Perreault.
18:22 of 3rd period - Stopped by Jussi Rynnas without a rebound.
18:23 of 3rd period - Matt Stajan wins face-off versus Patrik Elias in Stars zone.
18:50 of 3rd period - Shot by Tomas Fleischmann.
18:50 of 3rd period - Deflect By Alexander Ovechkin.
18:50 of 3rd period - Shot Misses the Net.
18:53 of 3rd period - Icing by Shea Weber.
18:54 of 3rd period - Cody Eakin wins face-off versus Patrik Elias in Stars zone.
18:54 of 3rd period - Alexander Semin is hit by Kris Letang and loses puck.
18:58 of 3rd period - Icing by Shea Weber.
18:59 of 3rd period - Patrik Elias wins face-off versus Cody Eakin in Stars zone.
18:59 of 3rd period - Patrik Elias is hit by Derek Dorsett.
19:10 of 3rd period - Shea Weber is hit by Bryce Salvador and loses puck.
19:21 of 3rd period - Shot by Paul Byron.
19:21 of 3rd period - Shot Misses the Net.
19:30 of 3rd period - Patrik Elias is hit by Bryce Salvador and loses puck.
Goals for this period are 2 for Capitals vs 2 for Stars.
Shots for this period are 6 for Capitals vs 11 for Stars.